 Dungeon Crawl Stone Soup version 0.25.1-2-g60ff931df9 (webtiles) character file.

Game seed: 10369512766241168596

124 DearestLeader the Chopper (level 4, -18/35 HPs)
             Began as a Demonspawn Gladiator on Oct 19, 2020.
             Demolished by an ogre
             ... wielding a +0 giant spiked club
              (29 damage)
             ... on level 4 of the Dungeon.
             The game lasted 00:05:51 (3633 turns).

DearestLeader the Chopper (Demonspawn Gladiator)    Turns: 3633, Time: 00:05:52

Health: -18/35     AC:  7    Str: 15    XL:     4   Next: 81%
Magic:  0/4        EV:  7    Int: 10    God:
Gold:   142        SH:  0    Dex: 14    Spells: 3/3 levels left

rFire    . . .     SeeInvis .   i - +0 hand axe (vamp)
rCold    . . .     Gourm    .   (no shield)
rNeg     . . .     Faith    .   u - -2 chain mail (curse)
rPois    .         Spirit   +   c - +0 helmet
rElec    .         Reflect  .   (no cloak)
rCorr    .         Harm     .   (no gloves)
MR       .....                  (no boots)
Stlth    ..........             (no amulet)
HPRegen  0.11/turn              (no ring)
MPRegen  0.09/turn              (no ring)

@: no status effects
A: magic shield
a: no special abilities


You were on level 4 of the Dungeon.
You were not hungry.

You visited 1 branch of the dungeon, and saw 4 of its levels.

You collected 142 gold pieces.

Inventory:

Hand Weapons
 a - a +0 war axe
 i - a +0 vampiric hand axe (weapon)
Missiles
 d - 3 throwing nets
 p - 21 poisoned darts (quivered)
Armour
 b - a +0 leather armour
 c - a +0 helmet (worn)
 h - a +0 ring mail
 t - a cursed +0 buckler
 u - a cursed -2 chain mail (worn)
Scrolls
 e - 5 scrolls of teleportation {unknown}
 j - 2 scrolls of magic mapping {unknown}
 k - 2 scrolls of remove curse {unknown}
 l - 2 scrolls of noise {unknown}
 m - 9 scrolls of identify {unknown}
 n - a scroll of immolation {unknown}
 o - a scroll of amnesia {unknown}
 v - a scroll of fear {unknown}
 x - a scroll of random uselessness {unknown}
Potions
 g - 2 potions of curing {unknown}
 q - a potion of berserk rage {unknown}
 r - a potion of haste {unknown}
 s - 2 potions of degeneration {unknown}
 w - a potion of ambrosia {unknown}
Comestibles
 f - 9 rations
 z - a chunk of flesh


   Skills:
 + Level 3.0 Fighting
 * Level 4.1 Axes
 - Level 1.7 Throwing
 + Level 1.3 Armour
 - Level 3.0 Dodging


You had 3 spell levels left.
You didn't know any spells.
Your spell library was empty.

Dungeon Overview and Level Annotations

Branches:
Dungeon (4/15)
 Temple: D:4-7

Altars:
Ru
Uskayaw
The Shining One

Annotations:
D:4 2 transporters


Innate Abilities, Weirdness & Mutations

When hurt, damage is shared between your health and your magic reserves.


Message History

Aim: an ogre, wielding a +0 giant spiked club (lightly wounded, poisoned)
You throw a poisoned dart.
The poisoned dart barely misses the ogre.
Throwing (i - inventory. (/) - cycle)
p - 23 poisoned darts (quivered)
Press: ? - help, Shift-Dir - straight line, f/p - ogre
Aim: an ogre, wielding a +0 giant spiked club (lightly wounded, poisoned)
You throw a poisoned dart.
The poisoned dart closely misses the ogre.
Throwing (i - inventory. (/) - cycle)
p - 22 poisoned darts (quivered)
Press: ? - help, Shift-Dir - straight line, f/p - ogre
Aim: an ogre, wielding a +0 giant spiked club (lightly wounded, poisoned)
You throw a poisoned dart.
The poisoned dart barely misses the ogre.
The ogre hits you with a +0 giant spiked club!!
Ouch! That really hurt!
You hit the ogre but do no damage.
The ogre is lightly wounded.
The ogre hits you with a +0 giant spiked club!!
Ouch! That really hurt!
You die...

##.....©.....##
#..#########..#
#.##8!....8##.#
#.#.........#.#
#.#....©.(..#.# ##
#.#.........#.#####.....
#.#©.......s#.#.........
#.#..[.....W#.#.###.....
#.#........l#..@O..(#
##.#..:($$/.o#.#.#####
...##8$)_.$8##....#
##..#########...>...
#.......©......##.###
##..÷.#....#.#.# .#
##.....#.#.#.#.# ..
#####..#.#.#.#.# ###
.......#.#.#.#


You could see a hungry ghost, an orc warrior, an ogre (poisoned), a scorpion and
an iguana.

Vanquished Creatures
  6 gnolls
  2 worms (D:2)
  A dart slug (D:1)
  A leopard gecko (D:1)
  5 giant cockroaches
  4 goblins
  9 hobgoblins
  4 jackals (D:2)
  2 quokkas
  6 bats
  6 frilled lizards
  8 kobolds
  4 rats
58 creatures vanquished.

Notes
Turn   | Place    | Note
-------+----------+-------------------------------------------
     0 | D:1      | DearestLeader the Demonspawn Gladiator began the quest for
                  | the Orb.
     0 | D:1      | Reached XP level 1. HP: 16/16 MP: 1/1
   212 | D:1      | Reached skill level 3 in Axes
   212 | D:1      | Gained mutation: When hurt, damage is shared between your
                  | health and your magic reserves. [demonic ancestry]
   212 | D:1      | Reached XP level 2. HP: 17/22 MP: 2/2
  1162 | D:2      | Reached XP level 3. HP: 28/28 MP: 3/3
  1487 | D:1      | HP: 1/28 [gnoll (4)]
  1864 | D:1      | Reached XP level 4. HP: 8/34 MP: 0/4
  2123 | D:2      | Reached skill level 1 in Armour
  2416 | D:3      | Found a sacrificial altar of Ru.
  2783 | D:3      | Found a glowing golden altar of the Shining One.
  3278 | D:2      | Reached skill level 4 in Axes
  3530 | D:4      | Found a hide-covered altar of Uskayaw.
  3535 | D:4      | Found a transporter.
  3535 | D:4      | Noticed a hungry ghost
  3596 | D:4      | Found a transporter.
  3604 | D:4      | Noticed an orc warrior
  3626 | D:4      | Noticed an ogre
  3633 | D:4      | Demolished by an ogre

Illustrated notes

Levels and vault maps discovered:
D:1:      minmay_arrival_checkered_box, layout_loops_ring
D:2:      layout_rooms
D:3:      layout_basic, lemuel_round_altar, tso_oasis_becter, first_ration,
          kennysheep_boxes
D:4:      layout_basic, nicolae_gozag_zags_fifth_avenue,
          gammafunk_temple_overflow_arena

Skill      XL: |  1  2  3  4 |
---------------+-------------+-----
Axes           | 3 4 |  4.1
Dodging        | 3 |  3.0
Armour         | 1 |  1.3
Fighting       | 3 |  3.0
Throwing       | |  1.7

Action                   |  1- 3 |  4- 6 || total
-------------------------+-------+-------++-------
Melee: War axe           |   109 |    55 ||   164
       Hand axe          |       |    24 ||    24
Throw: Dart              |       |    11 ||    11
  Eat: Chunk             |     3 |     6 ||     9
Armor: Leather armour    |     8 |       ||     8
       Ring mail         |    44 |       ||    44
       Chain mail        |    15 |    42 ||    57
Dodge: Dodged            |    81 |    28 ||   109
